 Dungeon Crawl Stone Soup version 0.23-a0-586-gacb4b3f (console) character file.

5054 Duffy the Thaumaturge (level 10, 0/50 HPs)
             Began as a Deep Elf Fire Elementalist on Dec 19, 2018.
             Was a Believer of Vehumet.
             Slain by a hornet (10 damage)
             ... on level 9 of the Dungeon.
             The game lasted 00:13:56 (9807 turns).

Duffy the Thaumaturge (Deep Elf Fire Elementalist)  Turns: 9807, Time: 00:13:58

Health: 0/50       AC: 11    Str:  5    XL:     10   Next: 31%
Magic:  12/27      EV: 13    Int: 27    God:    Vehumet [**....]
Gold:   145        SH:  0    Dex: 18    Spells: 19/32 levels left

rFire    . . .     SeeInvis .   c - 11 rations
rCold    . . .     Gourm    .   (no shield)
rNeg     + . .     Faith    .   C - +3 leather armour
rPois    .         Spirit   .   I - +2 helmet {Int+3}
rElec    .         Reflect  .   e - +0 cloak
rCorr    .         Harm     .   K - +0 pair of gloves {Dex+3}
MR       +....                  (no boots)
Stlth    ++........             (no amulet)
HPRegen  0.16/turn              a - +1 ring of evasion
MPRegen  0.20/turn              F - ring of positive energy

@: lethally poisoned (0 -> -25), slowed, very slow
A: no striking features
a: Renounce Religion


You were on level 9 of the Dungeon.
You worshipped Vehumet.
Vehumet was pleased with you.
You were very hungry.

You visited 2 branches of the dungeon, and saw 10 of its levels.

You collected 519 gold pieces.
You spent 374 gold pieces at shops.

Inventory:

Missiles
 J - 4 throwing nets (quivered)
Armour
 e - a +0 cloak (worn)
 C - a +3 leather armour (worn)
 I - a +2 helmet of intelligence (worn)
 K - a +0 pair of gloves of dexterity (worn)
Jewellery
 a - a +1 ring of evasion (left hand)
 F - a ring of positive energy (right hand)
Wands
 y - a wand of iceblast (12)
 B - a wand of flame (20)
 E - a wand of random effects (16)
 H - a wand of paralysis (2)
Scrolls
 b - 4 scrolls of remove curse {unknown}
 f - 7 scrolls of teleportation {unknown}
 h - 2 scrolls of enchant armour {unknown}
 j - 6 scrolls of enchant weapon {unknown}
 k - 15 scrolls of identify {unknown}
 l - 3 scrolls of immolation {unknown}
 m - a scroll of blinking {unknown}
 q - a scroll of random uselessness {unknown}
 v - a scroll of amnesia {unknown}
 D - a scroll of fog {unknown}
 G - a scroll of magic mapping {unknown}
Potions
 g - a potion of resistance {unknown}
 i - 2 potions of degeneration {unknown}
 n - a potion of lignification {unknown}
 o - 2 potions of agility {unknown}
 p - 2 potions of magic {unknown}
 r - a potion of flight {unknown}
 s - 6 potions of curing {unknown}
 t - a potion of cancellation {unknown}
 u - a potion of brilliance {unknown}
 z - a potion of haste {unknown}
 A - a potion of berserk rage {unknown}
Comestibles
 c - 11 rations (in hand)


   Skills:
 - Level 2.4 Dodging
 - Level 2.4 Stealth
 + Level 11.5 Spellcasting
 + Level 10.0 Conjurations
 + Level 10.0 Fire Magic


You had 19 spell levels left.
You knew the following spells:

 Your Spells              Type           Power        Failure   Level  Hunger
h - Flame Tongue          Conj/Fire      #####        1%          1    None
j - Sticky Flame          Conj/Fire      ######..     1%          4    None
k - Fireball              Conj/Fire      ######....   2%          5    ###....
l - Conjure Flame         Conj/Fire      ######..     1%          3    None

Your spell library contained the following spells:

 Spells                   Type           Power        Failure   Level  Hunger
 Magic Dart               Conj           ####         1%          1    None
 Throw Flame              Conj/Fire      ######       1%          2    None
 Inner Flame              Hex/Fire       #####...     2%          3    None
 Mephitic Cloud           Conj/Pois/Air  ####....     4%          3    None
 Poisonous Vapours        Pois/Air       ###...       10%         2    None
 Freezing Cloud           Conj/Ice/Air   ####......   94%         6    #####..
 Ring of Flames           Chrm/Fire      #####.....   100%        7    ######.


Dungeon Overview and Level Annotations

Branches:
Dungeon (9/15)             Temple (1/1) D:5
   Lair: D:8-11         Orc: D:9-12

Altars:
Ashenzari
Cheibriados
Dithmenos
Elyvilon
Fedhas
Gozag
Hepliaklqana
Kikubaaqudgha
Makhleb
Nemelex Xobeh
Okawaru
Qazlal
Ru
Sif Muna
Uskayaw
Vehumet
Wu Jian
Xom
Yredelemnul
Zin
The Shining One

Shops:
D:8 [

Annotations:
D:2 Dig


Message History

Vehumet accepts your kill.
Your Conjurations skill increases to level 10!
Your Fire Magic skill increases to level 10!
The hornet stings you!
You feel as though you will be slow longer.
The hornet stings you.
You are more poisoned.
You shrug off the repeated paralysis!
You can move again.
Casting: Sticky Flame (safe; 1% risk of failure)
Confirm with . or Enter, or press ? or * to list all spells.
Aiming: Sticky Flame (safe; 1% risk of failure)
Press: ? - help, Shift-Dir - straight line, f - hornet
Aim: a hornet The sticky flame hits the hornet.
The hornet is lightly wounded.
The hornet is covered in liquid flames!
You feel very sick.
The hornet burns! x2; The hornet stings you!
You die...

...#.......#
...#....##.#### .#
...+....##.#..#.# .#
...#.......#..#.. .#
...######'##..#.. .#
...##.........#.##.#
##'##.........#....#
....'.....##..#....#
#...########..#..@.#
#...# #....y%.#
#%..# #..##.###
#...# #####.#.#
#...# #.#.# #...#
##.#.# #...# #.# ##
#.... ## #....#


You could see a hornet (burning).

Vanquished Creatures
  Harold (D:8)
  Pikel (D:6)
  The ghost of Killmatronix the Sneak, a novice DEBe of Dithmenos (D:6)
  2 hornets (D:9)
  Sigmund (D:4)
  A hungry ghost (D:7)
  Eustachio (D:4)
  Duvessa (D:4)
  2 orc warriors
  2 sky beasts
  7 ogres
  4 slaves
  4 centaurs
  A big kobold (D:8)
  5 scorpions
  Dowan (D:4)
  A howler monkey (D:4)
  2 centaur zombies
  3 crimson imps
  A centaur skeleton (D:6)
  2 hounds
  3 orc priests
  A jelly (D:8)
  Jessica (D:3)
  6 orc wizards
  4 worker ants
  A worker ant zombie (D:8)
  Robin (D:5)
  8 adders
  2 shadow imps
  2 oozes
  5 worms
  A dart slug (D:1)
  3 leopard geckos
  23 orcs
  A ball python (D:2)
  5 bats
  4 giant cockroaches
  10 goblins
  9 hobgoblins
  11 jackals
  13 kobolds
  5 quokkas
  3 frilled lizards
  A quokka skeleton (D:6)
  8 rats
175 creatures vanquished.

Vanquished Creatures (others)
  5 dream sheep (D:3)
  An orc wizard (D:7)
6 creatures vanquished.

Grand Total: 181 creatures vanquished

Notes
Turn   | Place    | Note
-------+----------+-------------------------------------------
     0 | D:1      | Duffy the Deep Elf Fire Elementalist began the quest for
                  | the Orb.
     0 | D:1      | Reached XP level 1. HP: 10/10 MP: 6/6
   135 | D:1      | Reached XP level 2. HP: 15/15 MP: 4/8
   920 | D:2      | Reached XP level 3. HP: 19/19 MP: 5/9
   925 | D:2      | Learned a level 3 spell: Conjure Flame
  1653 | D:2      | Found a glowing silver altar of Zin.
  1808 | D:2      | Reached XP level 4. HP: 17/24 MP: 6/11
  1907 | D:2      | Learned a level 4 spell: Sticky Flame
  2145 | D:3      | Found an ornate altar of the Wu Jian Council.
  2630 | D:2      | Reached skill level 4 in Spellcasting
  2849 | D:3      | Noticed an ogre
  2857 | D:3      | Found a glowing golden altar of the Shining One.
  2862 | D:3      | Killed an ogre
  2862 | D:3      | Reached XP level 5. HP: 28/28 MP: 6/13
  2882 | D:3      | Learned a level 5 spell: Fireball
  2921 | D:3      | Noticed Jessica
  2927 | D:3      | Killed Jessica
  3181 | D:3      | Found a shimmering altar of Xom.
  3181 | D:3      | Noticed a dream sheep
  3181 | D:3      | Noticed a dream sheep
  3181 | D:3      | Noticed a dream sheep
  3181 | D:3      | Noticed a dream sheep
  3181 | D:3      | Noticed a dream sheep
  3185 | D:3      | Killed a dream sheep
  3186 | D:3      | Killed a dream sheep
  3186 | D:3      | Killed a dream sheep
  3186 | D:3      | Killed a dream sheep
  3187 | D:3      | Killed a dream sheep
  3680 | D:4      | Noticed an ogre
  3681 | D:4      | Noticed Dowan
  3685 | D:4      | Noticed Duvessa
  3713 | D:4      | Killed an ogre
  3713 | D:4      | Reached skill level 5 in Spellcasting
  3713 | D:4      | Reached XP level 6. HP: 8/32 MP: 5/15
  3964 | D:4      | Killed Dowan
  3964 | D:4      | Reached skill level 5 in Fire Magic
  4299 | D:4      | Reached skill level 5 in Conjurations
  4356 | D:5      | Entered Level 5 of the Dungeon
  4585 | D:5      | Noticed a sky beast
  4590 | D:5      | Killed a sky beast
  4590 | D:5      | Reached skill level 6 in Spellcasting
  4590 | D:5      | Reached XP level 7. HP: 36/36 MP: 13/18
  5054 | D:5      | Found a staircase to the Ecumenical Temple.
  5065 | Temple   | Entered the Ecumenical Temple
  5338 | D:4      | Noticed Robin
  5357 | D:5      | Killed Robin
  5512 | D:4      | Noticed Sigmund
  5517 | D:4      | Killed Sigmund
  5517 | D:4      | Reached skill level 7 in Spellcasting
  5517 | D:4      | Reached XP level 8. HP: 41/41 MP: 12/20
  5593 | D:4      | Found a basalt altar of Yredelemnul.
  5705 | D:4      | Killed Duvessa
  5884 | D:4      | Noticed Eustachio
  5895 | D:4      | Killed Eustachio
  5895 | D:4      | Reached skill level 8 in Spellcasting
  5947 | D:4      | Found a burning altar of Makhleb.
  5952 | D:4      | Found a radiant altar of Vehumet.
  5958 | D:4      | Became a worshipper of Vehumet
  6288 | D:6      | Noticed Pikel
  6649 | D:6      | Killed Pikel
  6649 | D:6      | Reached skill level 9 in Spellcasting
  6649 | D:6      | Reached XP level 9. HP: 42/45 MP: 8/24
  6947 | D:6      | Found a blossoming altar of Fedhas.
  7248 | D:6      | Found a runed door.
  7255 | D:6      | Noticed Killmatronix's ghost (novice DEBe)
  7272 | D:6      | Killed Killmatronix's ghost
  7272 | D:6      | Reached skill level 10 in Spellcasting
  7462 | D:6      | Found an opulent altar of Gozag.
  7729 | D:7      | Reached * piety under Vehumet
  7729 | D:7      | Offered knowledge of Sandblast by Vehumet.
  8662 | D:8      | Found Cuqeijag's Antique Armour Emporium.
  8945 | D:8      | Offered knowledge of Magic Dart by Vehumet.
  8950 | D:8      | Reached ** piety under Vehumet
  9257 | D:8      | Noticed Harold
  9261 | D:8      | Killed Harold
  9261 | D:8      | Reached skill level 11 in Spellcasting
  9261 | D:8      | Reached XP level 10. HP: 33/50 MP: 6/27
  9681 | D:8      | Bought a runed helmet for 187 gold pieces
  9681 | D:8      | Bought a pair of runed gloves for 187 gold pieces
  9804 | D:9      | Paralysed by a hornet for 3 turns
  9806 | D:9      | Reached skill level 10 in Conjurations
  9806 | D:9      | Reached skill level 10 in Fire Magic
  9807 | D:9      | Slain by a hornet

Vault maps used:
D:1:      sevenhm_arrival_forest_fort_small_4
D:2:      minmay_door_path, zin_treasury, first_ration
D:3:      lemuel_crystal_altar, kb_xom_exploding_sheep,
          nicolae_tso_carved_into_rock, uniq_jessica
D:4:      grunt_temple_overflow_lords_of_destruction,
          nicolae_overflow_crystal_walls, uniq_robin, uniq_eustachio,
          uniq_sigmund, uniq_duvessa
D:5:      minmay_temple_entry_statues_pillars, kennysheep_generic_room_9
D:6:      kennysheep_mini, basic_altar, ebering_ghost_reflecting_pool,
          kennysheep_generic_room_15, uniq_pikel
D:8:      serial_shops, shop, uniq_harold
D:9:      lemuel_doored_altar, ebering_ghost_gozag, serial_shops, shop,
          hangedman_pestilent_swarm
Temple:   jpeg_temple_clearing

Skill      XL: |  1  2  3  4  5  6  7  8  9 10 |
---------------+-------------------------------+-----
Conjurations   | 2 3 4 5 6 8 9 10 | 10.0
Spellcasting   | 4 5 6 7 9 11 | 11.5
Fire Magic     | 4 5 6 8 9 10 | 10.0
Dodging        | |  2.4
Stealth        | |  2.4

Action                   |  1- 3 |  4- 6 |  7- 9 | 10-12 || total
-------------------------+-------+-------+-------+-------++-------
 Cast: Flame Tongue      |    74 |    80 |   198 |     8 ||   360
       Conjure Flame     |       |     2 |     9 |       ||    11
       Sticky Flame      |       |     3 |    23 |     5 ||    31
       Fireball          |       |       |    16 |     2 ||    18
Evoke: Wand              |       |       |     5 |       ||     5
  Eat: Chunk             |     2 |     9 |    17 |     2 ||    30
Armor: Robe              |     1 |     2 |     2 |       ||     5
       Animal skin       |       |       |    11 |       ||    11
       Leather armour    |       |       |       |     3 ||     3
Dodge: Dodged            |    23 |    15 |    37 |     5 ||    80

Table legend:
 A = Non-vault XP
 B = Vault XP
 C = Vault XP percentage of total XP
 D = Non-vault monster count
 E = Vault monster count
 F = Vault count percentage of total count
                 A         B        C        D         E       F
            +---------+---------+-------+---------+---------+-------
      Total |    3675 |    3545 |  49.1 |     145 |      27 |  15.7
            +---------+---------+-------+---------+---------+-------
        D:1 |      36 |       0 |   0.0 |      19 |       0 |   0.0
        D:2 |     106 |       6 |   5.4 |      24 |       3 |  11.1
        D:3 |     159 |      37 |  18.9 |      15 |       1 |   6.2
        D:4 |     435 |     686 |  61.2 |       8 |      15 |  65.2
        D:5 |     619 |      17 |   2.7 |      16 |       2 |  11.1
        D:6 |     740 |    1238 |  62.6 |      20 |       3 |  13.0
        D:7 |    1042 |       0 |   0.0 |      24 |       0 |   0.0
        D:8 |     468 |     981 |  67.7 |      18 |       1 |   5.3
        D:9 |      70 |     580 |  89.2 |       1 |       2 |  66.7
            +---------+---------+-------+---------+---------+-------
